 Dungeon Crawl Stone Soup version 0.29.1-15-g9cfb28693d (webtiles) character file.

Game seed: 14448996117022042632

509 Exodus22XD the Caller (level 6, -5/24 HPs)
             Began as a Felid Summoner on Apr 15, 2023.
             Shot with an arrow by a centaur (14 damage)
             ... on level 5 of the Dungeon.
             The game lasted 00:31:03 (4835 turns).

Exodus22XD the Caller (Felid Summoner)              Turns: 4835, Time: 00:31:04

Health: -5/24      AC:  2    Str:  4    XL:     6   Next: 98%
Magic:  8/14       EV: 17    Int: 19    God:
Gold:   264        SH:  0    Dex: 16    Spells: 1/14 levels left
                                        Lives:  0   Deaths: 1

rFire   . . .      SeeInvis +   (weapon unavailable)
rCold   . . .      Faith    .   (shield unavailable)
rNeg    . . .      Spirit   .   (body armour unavailable)
rPois   .          Reflect  .   (helmet unavailable)
rElec   .          Harm     .   (cloak unavailable)
rCorr   .          Rampage  .   (gloves unavailable)
Will    .....                   (boots unavailable)
Stlth   ++........              (no amulet)
HPRegen 0.08/turn               (no ring)
MPRegen 0.14/turn               (no ring)

@: quick
A: very small, claws 1, fangs 3, see invisible, speed 1, shaggy fur 2, stealthy
paws, no weapons or thrown items, no armour, multi-lived
a: no special abilities


You were on level 5 of the Dungeon.
You visited 1 branch of the dungeon, and saw 5 of its levels.

You collected 264 gold pieces.

Inventory:

Wands
 k - a wand of roots (11)
Scrolls
 d - 4 scrolls of amnesia
 f - a scroll of blinking
 h - a scroll of teleportation
 n - a scroll of acquirement
 o - a scroll of vulnerability {unknown}
 p - a scroll of butterflies {unknown}
 q - a scroll of summoning
 r - a scroll of magic mapping {unknown}
 s - a scroll of enchant armour {unknown}
Potions
 a - a potion of magic
 c - 3 potions of curing
 g - 2 potions of heal wounds
 i - a potion of mutation
 j - a potion of flight {unknown}
 l - a potion of haste {unknown}
 m - a potion of resistance {unknown}


   Skills:
 - Level 2.6 Dodging
 - Level 2.6 Stealth
 + Level 4.7 Spellcasting
 * Level 3.3 Hexes
 + Level 6.6 Summonings
 * Level 1.0 Air Magic


You had one spell level left.
You knew the following spells:

 Your Spells              Type           Power      Damage    Failure   Level
a - Summon Small Mammal   Summ           100%       N/A       1%          1
b - Call Imp              Summ           29%        N/A       1%          2
c - Call Canine Familiar  Summ           29%        N/A       2%          3
d - Summon Guardian Gole  Hex/Summ       23%        N/A       4%          3
e - Summon Lightning Spi  Summ/Air       19%        N/A       26%         4

Your spell library contained the following spells:

 Spells                   Type           Power      Damage    Failure   Level
 Inner Flame              Hex/Fire       10%        N/A       21%         3
 Cause Fear               Hex            8%         N/A       32%         4
 Conjure Flame            Conj/Fire      4%         6-21      36%         3
 Ignite Poison            Fire/Tmut/Pois 4%         N/A       36%         3
 Sticky Flame             Conj/Fire      4%         2d3       77%         4
 Discord                  Hex            8%         N/A       100%        8


Dungeon Overview and Level Annotations

Branches:
Dungeon (5/15)
 Temple: D:4-7

Altars:
Cheibriados
Fedhas

Annotations:
D:3 3 runed translucent doors, vvl's ghost, amateur HuEE


Innate Abilities, Weirdness & Mutations

You have sharp claws.
You have razor-sharp teeth.
You have supernaturally acute eyesight. (SInv)
You cover ground quickly. (Speed+)
You are covered in thick fur. (AC +2)
Your paws help you pounce on unaware monsters.
You are incapable of wielding weapons or throwing items.
You cannot wear armour.
You gain extra lives every three experience levels.


Message History

You swap places.
Your crimson imp disappears in a puff of smoke!
d - 4 scrolls of amnesia (gained 1)
As you read the scroll of identify, it crumbles to dust.
f - a scroll of blinking
As you read the scroll of identify, it crumbles to dust.
i - a potion of mutation You swap places.
You drop 2 potions of degeneration.
Found 8 gold pieces.
You now have 264 gold pieces (gained 8).
Your hound disappears in a puff of smoke!
Your bat disappears in a puff of smoke!
Your quokka disappears in a puff of smoke!
There is an open door here.
There is an open door here.
There is an open door here.
There is an open door here.
There is an open door here.
A centaur comes into view.
The centaur shouts!
The centaur wields a +0 shortbow.
The centaur shoots an arrow.
The arrow hits you!
The centaur shoots an arrow.
The arrow barely misses you.
The centaur shoots an arrow.
The arrow completely misses you.
Okay, then.
Okay, then.
Okay, then.
Casting: Summon Small Mammal (safe; 1% risk of failure)
Confirm with . or Enter, or press ? or * to list all spells.
The centaur shoots an arrow.
The arrow hits you!
You swap places.
Your hound bites the centaur.
Casting: Call Canine Familiar (dangerous; 2% risk of failure)
Confirm with . or Enter, or press ? or * to list all spells.
The spell is quite dangerous to miscast (4% risk of failure)!
Continue anyway?
A guardian golem appears, shielding your allies.
The centaur shoots an arrow.
The arrow barely misses your hound. The arrow hits you!
Ouch! That really hurt!
You die...

#.....##.# #......
##........###### #......
.'.....>.......## #......
)#.....##.......## #......
.########........# #......
)##.....#..†...#.# #......
)##§....#......#.# #......
.##.....#......#.### #.#####
.##.....#......#@h9# #.#
.##.....#......###c# #.# ##
.##.....###....###.########.# #.
..5.....'.'....c............# #.
###.....###....###.#############.
#.....# #....................'.
#.....# #......########.######.
####### ###<...# #.§..# #. #....#
####.####


You could see a centaur (ally target), a friendly guardian golem (summoned) and
a friendly hound (summoned, sheltered).

Vanquished Creatures (collateral kills)
  An ogre (D:4)
  A phantom (D:5)
  A scorpion (D:5)
  An iguana (D:5)
  Robin (D:2)
  12 gnolls
  5 adders
  A white imp (D:5)
  An ufetubus (D:4)
  A dart slug (D:2)
  11 orcs
  7 endoplasms
  4 giant cockroaches
  13 goblins
  8 hobgoblins
  4 jackals
  4 quokkas
  7 ball pythons
  7 bats
  14 frilled lizards
  13 kobolds
  3 rats
120 creatures vanquished.

Vanquished Creatures (others)
  A gnoll bouda (D:4)
  8 plants (D:1)
9 creatures vanquished.

Grand Total: 129 creatures vanquished

Notes
Turn   | Place    | Note
-------+----------+-------------------------------------------
     0 | D:1      | Exodus22XD the Felid Summoner began the quest for the Orb.
     0 | D:1      | Reached XP level 1. HP: 7/7 MP: 4/4
   139 | D:1      | Reached XP level 2. HP: 5/11 MP: 6/6
   203 | D:1      | Learned a level 2 spell: Call Imp
   478 | D:1      | Reached XP level 3. HP: 7/14 MP: 1/7
   648 | D:2      | Noticed Robin
   650 | D:2      | Learned a level 3 spell: Call Canine Familiar
   660 | D:2      | Killed Robin
   665 | D:2      | Reached skill level 5 in Summonings
  1484 | D:2      | Reached XP level 4. HP: 18/18 MP: 6/9
  1977 | D:3      | Learned a level 3 spell: Summon Guardian Golem
  2063 | D:3      | Found a runed translucent gate.
  2065 | D:3      | Found a runed translucent gate.
  2065 | D:3      | Found a runed translucent gate.
  2067 | D:3      | Noticed vvl's ghost (amateur HuEE)
  2586 | D:3      | Reached skill level 1 in Hexes
  2595 | D:3      | Killed from afar by an orc priest
  2596 | D:3      | Reached XP level 3. HP: -2/14 MP: 6/8
  2734 | D:3      | Reached XP level 4. HP: 18/18 MP: 1/9
  2791 | D:3      | Found a snail-covered altar of Cheibriados.
  2797 | D:3      | Found a blossoming altar of Fedhas.
  3020 | D:4      | Noticed an ogre
  3034 | D:4      | Killed an ogre
  3035 | D:4      | Reached XP level 5. HP: 21/21 MP: 4/11
  3107 | D:4      | Identified a scroll of acquirement
  3137 | D:4      | Reached skill level 6 in Summonings
  3143 | D:4      | Gained mutation: You are covered in thick fur. (AC +2)
                  | [Felid growth]
  3143 | D:4      | Reached XP level 6. HP: 3/24 MP: 5/13
  3444 | D:4      | Learned a level 4 spell: Summon Lightning Spire
  4206 | D:5      | Entered Level 5 of the Dungeon
  4764 | D:5      | Reached skill level 1 in Air Magic
  4835 | D:5      | Shot with an arrow by a centaur

Illustrated notes

Levels and vault maps discovered:
D:1:      wander_arrival_lonely_grave, layout_rooms, minmay_lizard_king
D:2:      layout_loops_corners, uniq_robin
D:3:      minmay_chambers_of_twos, layout_basic,
          amethyst_overflow_temple_binary, gammafunk_ghost_split,
          minmay_checkerbox
D:4:      layout_layer_cave
D:5:      layout_basic

Skill      XL: |  1  2  3  4  5  6 |
---------------+-------------------+-----
Summonings     | 5 6 |  6.6
Spellcasting   | 3 4 |  4.7
Hexes          | 2 3 |  3.3
Air Magic      | 1 |  1.0
Dodging        | |  2.6
Stealth        | |  2.6

Action                   |  1- 3 |  4- 6 || total
-------------------------+-------+-------++-------
Melee: Unarmed           |       |     1 ||     1
 Cast: Summon Small Mamm |    42 |    48 ||    90
       Call Imp          |     5 |     6 ||    11
       Call Canine Famil |     2 |    20 ||    22
       Summon Guardian G |       |     2 ||     2
  Use: Scroll            |       |    10 ||    10
Armor: Skin              |     6 |     3 ||     9
Dodge: Dodged            |    36 |    47 ||    83
